 Dungeon Crawl Stone Soup version 0.22-a0-603-gfc1114d (webtiles) character file.

61 Mamutox the Chopper (level 4, -3/41 HPs)
             Began as a Hill Orc Monk on July 7, 2018.
             Slain by Sigmund
             ... wielding a +0 scythe
              (11 damage)
             ... on level 2 of the Dungeon.
             The game lasted 00:05:06 (1552 turns).

Mamutox the Chopper (Hill Orc Monk)                 Turns: 1552, Time: 00:05:07

Health: -3/41      AC:  6    Str: 13    XL:     4   Next: 7%
Magic:  4/4        EV: 10    Int: 10    God:
Gold:   38         SH:  0    Dex: 14    Spells: 3/3 levels left

rFire    . . .     SeeInvis .   a - +0 hand axe
rCold    . . .     Gourm    .   (no shield)
rNeg     . . .     Faith    .   e - +0 scale mail
rPois    .         Spirit   .   (no helmet)
rElec    .         Reflect  .   (no cloak)
rCorr    .         Harm     .   (no gloves)
MR       .....                  (no boots)
Stlth    ..........             (no amulet)
HPRegen  0.13/turn              (no ring)
MPRegen  0.09/turn              (no ring)

@: no status effects
A: no striking features
a: no special abilities


You were on level 2 of the Dungeon.
You were not hungry.

You visited 1 branch of the dungeon, and saw 3 of its levels.

You collected 38 gold pieces.

Inventory:

Hand Weapons
 a - a +0 hand axe (weapon)
Armour
 b - a +0 robe
 e - a +0 scale mail (worn)
Jewellery
 k - an uncursed ring of stealth {unknown}
Scrolls
 g - 2 scrolls of remove curse {unknown}
 h - 2 scrolls of magic mapping {unknown}
 i - 2 scrolls of identify {unknown}
 m - 2 scrolls of enchant armour {unknown}
 n - a scroll of immolation {unknown}
Potions
 d - a potion of agility {unknown}
 f - a potion of lignification {unknown}
 j - a potion of cancellation {unknown}
Comestibles
 c - 5 rations


   Skills:
 + Level 4.7 Fighting
 + Level 4.8 Axes
 * Level 1.8 Armour
 - Level 2.4 Dodging
 + Level 1.6 Stealth


You had 3 spell levels left.
You didn't know any spells.
Your spell library was empty.

Dungeon Overview and Level Annotations

Branches:
Dungeon (3/15)

Altars:

Annotations:
D:2 Sigmund


Message History

Sigmund points at you and mumbles some strange words.
You resist with some effort.
You hit Sigmund.
Sigmund is lightly wounded.
Sigmund closely misses you.
You slash Sigmund!
Sigmund is moderately wounded.
Sigmund hits you with a scythe!
You hit Sigmund but do no damage.
Sigmund is moderately wounded.
You hit Sigmund but do no damage.
Sigmund is moderately wounded.
Sigmund gestures wildly while chanting.
Sigmund flickers and vanishes!
Deactivating autopickup; reactivate with Ctrl-A.
You barely miss something. Something hits you.
You hit something. Something hits you!
* * * LOW HITPOINT WARNING * * *
You hit something. Something hits you!
You die...

.####.##>##
#.# ####. ..
#.##.# #.# #.#
#. ..# #.##.#
#.# #.# #. @.#
#.##.. ... ?.#
###. #.#
#.#### #.# #.#
#... .# #..
..# #.# #.#.
.# ### #.#
#.#.
###########.#
#.#.
......{@....#
#.#.
###########.#
#.#.
#.#########.#.
#...........#.
#############


There were no monsters in sight!

Vanquished Creatures
  An adder (D:2)
  A worm (D:2)
  3 dart slugs
  2 leopard geckos (D:1)
  8 bats
  A giant cockroach (D:1)
  4 goblins (D:1)
  7 hobgoblins
  A jackal (D:2)
  3 kobolds
  A quokka (D:2)
  4 frilled lizards
  5 rats
41 creatures vanquished.

Notes
Turn   | Place    | Note
-------+----------+-------------------------------------------
     0 | D:1      | Mamutox the Hill Orc Monk began the quest for the Orb.
     0 | D:1      | Reached XP level 1. HP: 19/19 MP: 1/1
   309 | D:1      | Reached XP level 2. HP: 25/27 MP: 2/2
   400 | D:1      | Reached skill level 1 in Armour
   575 | D:1      | Reached XP level 3. HP: 27/33 MP: 3/3
  1267 | D:2      | Noticed Sigmund
  1298 | D:3      | Reached XP level 4. HP: 17/41 MP: 4/4
  1552 | D:2      | Slain by Sigmund

Vault maps used:
D:1:      minmay_arrival_four_houses, kennysheep_boxes
D:2:      first_ration, uniq_sigmund
D:3:      minmay_misc_feat_five, kennysheep_crisscross, lemuel_tele_altar

Skill      XL: |  1  2 |
---------------+-------+-----
Fighting       | 4 |  4.7
Armour         | 1 |  1.8
Axes           | |  4.8
Dodging        | |  2.4
Stealth        | |  1.6

Action                   |  1- 3 |  4- 6 || total
-------------------------+-------+-------++-------
Melee: Hand axe          |   128 |    19 ||   147
  Eat: Chunk             |     1 |     1 ||     2
Armor: Scale mail        |    74 |     5 ||    79
Dodge: Dodged            |    82 |     4 ||    86

Table legend:
 A = Spawn XP
 B = Non-spawn XP
 C = Spawn XP percentage of total XP
 D = Spawn monster count
 E = Non-spawn monster count
 F = Spawn count percentage of total count
 G = Total turns spent on level
                    A         B        C        D         E        F      G
               +---------+---------+-------+---------+---------+-------+---------
         Total |       0 |      88 |   0.0 |       0 |      41 |   0.0 |  1552
               +---------+---------+-------+---------+---------+-------+---------
           D:1 |       0 |      42 |   0.0 |       0 |      25 |   0.0 |   937
           D:2 |       0 |      45 |   0.0 |       0 |      15 |   0.0 |   574
           D:3 |       0 |       1 |   0.0 |       0 |       1 |   0.0 |    41
               +---------+---------+-------+---------+---------+-------+---------
